 Dungeon Crawl Stone Soup version 0.30.0-18-gc0e69614cb (webtiles) character file.

Game seed: 8114585076598615662

266 monsoonserge the Cudgeller (level 6, 0/61 HPs)
             Began as a Troll Berserker on May 25, 2023.
             Was a Priest of Trog.
             Splashed by a jelly's acid (5 damage)
             ... on level 4 of the Dungeon.
             The game lasted 00:06:31 (2010 turns).

monsoonserge the Cudgeller (Troll Berserker)        Turns: 2010, Time: 00:06:32

Health: 0/61       AC: -2    Str: 28    XL:     6   Next: 0%
Magic:  5/5        EV: 10    Int:  3    God:    Trog [***...]
Gold:   149        SH:  0    Dex:  9    Spells: 5/5 levels left

rFire   . . .        a - +0 mace
rCold   . . .        (no shield)
rNeg    . . .        p - +2 robe {Will+}
rPois   .            (helmet restricted)
rElec   .            (no cloak)
rCorr   .            (gloves unavailable)
SInv    .            (boots unavailable)
Will    +++..        (no amulet)
Stlth   +            (no ring)
HPRegen 2.10/turn    (no ring)
MPRegen 0.09/turn

%: no passive effects
@: strong-willed, corroded, regenerating
A: large, unfitting armour, claws 3, regeneration 1, shaggy fur 1, tough skin 1
a: Renounce Religion, Berserk, Trog's Hand


You were on level 4 of the Dungeon.
You worshipped Trog.
Trog was most pleased with you.
You visited 1 branch of the dungeon, and saw 4 of its levels.

You collected 149 gold pieces.

Inventory:

Hand Weapons
 a - a +0 mace (weapon)
Missiles
 g - 2 poisoned darts (quivered)
 l - 2 boomerangs
Armour
 p - a +2 robe of willpower (worn)
Wands
 o - a wand of iceblast (11)
Scrolls
 c - 2 scrolls of amnesia {unknown}
 d - 2 scrolls of poison {unknown}
 h - a scroll of vulnerability {unknown}
 i - 2 scrolls of teleportation {unknown}
 j - a scroll of enchant weapon {unknown}
 k - a scroll of fear {unknown}
 m - a scroll of immolation {unknown}
 n - 3 scrolls of enchant armour {unknown}
Potions
 b - a potion of mutation {unknown}
 e - 2 potions of resistance {unknown}
 f - a potion of cancellation {unknown}
 q - a potion of flight {unknown}


   Skills:
 + Level 3.2 Fighting
 + Level 4.7 Maces & Flails
 + Level 3.3 Dodging
 + Level 0.3 Stealth
 * Level 0.6 Evocations


You had 5 spell levels left.
You didn't know any spells.
Your spell library contained the following spells:

 Spells                   Type           Power      Damage    Failure   Level
 Apportation              Tloc           0%         N/A       52%         1
 Necrotise                Necr           0%         1d4       52%         1
 Sandblast                Erth           0%         2d4       52%         1
 Summon Small Mammal      Summ           0%         N/A       52%         1
 Passwall                 Tmut/Erth      0%         N/A       67%         2
 Stone Arrow              Conj/Erth      0%         3d7       88%         3
 Animate Dead             Necr           0%         N/A       99%         4
 Haunt                    Necr/Summ      0%         N/A       100%        7
 Infestation              Necr           0%         N/A       100%        8


Dungeon Overview and Level Annotations

Branches:
Dungeon (4/15)
 Temple: D:4-7

Altars:

Shops:
D:1 =[

Portals:
Sewer: D:4


Innate Abilities, Weirdness & Mutations

You are too large for most types of armour.
You have claws for hands.
Your natural rate of healing is unusually fast.
You are covered in fur. (AC +1)
You have tough skin. (AC +1)


Message History

Trog accepts your kill. The giant cockroach bites you.
The jelly closely misses you. The giant cockroach bites you.
You barely miss the giant cockroach. The jelly hits you.
You are splashed with acid!
The giant cockroach bites you.
You hit the giant cockroach.
You kill the giant cockroach!
Trog accepts your kill. The jelly hits you but does no damage.
The giant cockroach bites you.
You hit the giant cockroach.
You kill the giant cockroach!
Trog accepts your kill. The jelly hits you.
You are splashed with acid!
You have reached level 6!
You feel stronger.
You hit the jelly but do no damage.
Your claws burn!
* * * LOW HITPOINT WARNING * * *
The jelly misses you. The jelly hits you.
* * * LOW HITPOINT WARNING * * *
You are splashed with acid!
* * * LOW HITPOINT WARNING * * *
Press: ? - help, v - describe, . - travel
Here: a jelly The floor.
Your skin crawls.
You feel strong-willed.
You are no longer corroded.
The jelly barely misses you.
You hit the jelly. The acid corrodes you!
Your claws burn!
* * * LOW HITPOINT WARNING * * *
The jelly is lightly wounded.
The jelly closely misses you.
Aiming: Iceblast
Press: ? - help, Shift-Dir - straight line The mass of ice explodes!
The iceblast engulfs the jelly!
The jelly is severely wounded.
You hear an angry hiss.
The jelly hits you.
* * * LOW HITPOINT WARNING * * *
The acid corrodes you!
You are splashed with acid.
You die...

##### #### #...#
#.. #.#.# ######.#
#.#.####...##.###
#.#....).........
#)######..†##.##.
##†###########..<.
#@J.....# #####
##...##...
~B~~~~.(..#
~∩~~~r..#....
~~~~~~.##.##...
####### .# .. .. #
#


You could see a jelly.

Vanquished Creatures
  A centaur (D:4)
  A hound (D:4)
  Jessica (D:3)
  An iguana (D:3)
  3 adders
  A worm (D:2)
  8 orcs (D:3)
  6 endoplasms
  4 giant cockroaches
  4 goblins
  3 hobgoblins (D:1)
  5 jackals
  4 kobolds
  3 quokkas
  8 ball pythons
  5 bats
  5 frilled lizards
  7 rats
70 creatures vanquished.

Notes
Turn   | Place    | Note
-------+----------+-------------------------------------------
     0 | D:1      | monsoonserge the Troll Berserker began the quest for the
                  | Orb.
     0 | D:1      | Reached XP level 1. HP: 22/22 MP: 0/0
   181 | D:1      | Found Cutytuics's Jewellery Shop.
   269 | D:1      | Reached XP level 2. HP: 28/29 MP: 1/1
   354 | D:1      | Reached skill level 3 in Maces & Flails
   526 | D:1      | Found Vuusiugh's Armour Shop.
   591 | D:1      | Reached ** piety under Trog
   742 | D:2      | Reached XP level 3. HP: 36/36 MP: 2/2
  1277 | D:3      | Reached XP level 4. HP: 45/45 MP: 3/3
  1595 | D:3      | Found a faded altar of an unknown god.
  1634 | D:3      | Noticed Jessica
  1640 | D:3      | Killed Jessica
  1641 | D:3      | Reached skill level 4 in Maces & Flails
  1641 | D:3      | Reached XP level 5. HP: 38/53 MP: 4/4
  1721 | D:3      | Reached *** piety under Trog
  1946 | D:4      | Noticed a centaur
  1955 | D:4      | Killed a centaur
  1993 | D:4      | Found a glowing drain.
  2007 | D:4      | Reached XP level 6. HP: 19/61 MP: 5/5
  2009 | D:4      | HP: 3/61 [acid (4)]
  2010 | D:4      | Splashed by a jelly's acid

Illustrated notes

Levels and vault maps discovered:
D:1:      wander_arrival_lonely_grave, layout_loops_cross, serial_shops, shop,
          shop, corexii_hall_statues_i
D:2:      layout_rooms
D:3:      layout_loops_ring, shapermc_ecumenical_altar_notcrosses, uniq_jessica
D:4:      layout_loops_cross, minmay_temple_entry_overgrown,
          portal_sewer_entry_f

Skill      XL: |  1  2  3  4 |
---------------+-------------+-----
Maces & Flails | 3 4 |  4.7
Fighting       | 3 |  3.2
Dodging        | 3 |  3.3
Stealth        | |  0.3
Evocations     | |  0.6

Action                     |  1- 3 |  4- 6 || total
---------------------------+-------+-------++-------
  Melee: Mace              |   141 |    79 ||   220
         Punch             |     1 |       ||     1
 Invoke: Trog's Hand       |       |     1 ||     1
  Evoke: Wand              |       |     1 ||     1
   Stab: Sleeping          |     2 |       ||     2
 Armour: Animal skin       |    62 |    17 ||    79
         Robe              |       |    18 ||    18
  Dodge: Dodged            |    97 |    58 ||   155
